 Dungeon Crawl Stone Soup version 0.32-a0-392-gb00f77f (webtiles) character file.

Game seed: 13295347597999428206

137 Dorkslayer the Covered (level 5, -2/46 HPs)
             Began as a Mountain Dwarf Fighter on Feb 19, 2024.
             Was an Initiate of Okawaru.
             Slain by an orc
             ... wielding a +0 hand axe
              (3 damage)
             ... on level 3 of the Dungeon.
             The game lasted 00:04:12 (1607 turns).

Dorkslayer the Covered (Mountain Dwarf Fighter)     Turns: 1607, Time: 00:04:13

Health: -2/46      AC: 11    Str: 21    XL:     5   Next: 0%
Magic:  5/5        EV:  8    Int:  8    God:    Okawaru [......]
Gold:   145        SH:  4    Dex:  9    Spells: 4/4 levels left

rFire   . . .        a - +2 war axe
rCold   . . .        c - +0 buckler
rNeg    . . .        e - +0 chain mail
rPois   .            (no helmet)
rElec   .            g - +0 cloak
rCorr   +            i - +0 pair of gloves
SInv    +            (no boots)
Will    .....        (no amulet) Stlth
                     b - ring of see invisible
HPRegen 0.27/turn    j - ring of resist corrosion
MPRegen 0.09/turn

%: no passive effects
@: mighty, brilliant
A: runic magic, artefact enchanting
a: Renounce Religion


You were on level 3 of the Dungeon.
You worshipped Okawaru.
Okawaru was noncommittal.
You visited 1 branch of the dungeon, and saw 4 of its levels.

You collected 145 gold pieces.

Inventory:

Hand Weapons
 a - a +2 war axe (weapon)
Armour
 c - a +0 buckler (worn)
 e - a +0 chain mail (worn)
 g - a +0 cloak (worn)
 i - a +0 pair of gloves (worn)
Jewellery
 b - a ring of see invisible (left hand)
 j - a ring of resist corrosion (right hand)
Wands
 f - a wand of flame (38)
 p - a wand of charming (3)
Scrolls
 l - a scroll of teleportation
 m - a scroll of noise {unknown}
 o - 2 scrolls of immolation {unknown}
Potions
 k - a potion of degeneration {unknown}
 n - a potion of cancellation {unknown}


   Skills:
 + Level 4.0 Fighting
 + Level 3.8 Axes
 + Level 4.3 Armour
 * Level 0.4 Dodging
 + Level 3.7 Shields
 * Level 1.0 Evocations


You had 4 spell levels left.
You didn't know any spells.
Your spell library contained the following spells:

 Spells                   Type           Power      Damage    Failure   Level
 Apportation              Tloc           0%         N/A       65%         1
 Magic Dart               Conj           0%         1d3       65%         1
 Necrotise                Necr           0%         1d4       65%         1
 Sting                    Conj/Alch      0%         1d3       65%         1
 Searing Ray              Conj           0%         2d4       78%         2
 Fulminant Prism          Conj/Alch      0%         3d5       100%        4
 Summon Small Mammal      Summ           Unusable   N/A       N/A         1

Dungeon Overview and Level Annotations

Branches:
Dungeon (4/15)
 Temple: D:4-7

Altars:
Okawaru

Shops:
D:2 :


Innate Abilities, Weirdness & Mutations

Your spellcasting is much less encumbered by armour.
You can use scrolls of enchantment on lesser artefacts.


Message History

Beogh smites you! The orc hits you but does no damage.
The orc hits you with a +0 hand axe.
You slash the orc!
You kill the orc!
Okawaru accepts your kill.
You hit the orc. You hit the orc but do no damage. You completely miss the orc.
The orc hits you with a +0 flail. The orc hits you but does no damage. x2
The orc hits you with a +0 hand axe.
The orc priest hits you with a +0 hand axe.
The orc hits you but does no damage.
You have reached level 5!
It was a potion of brilliance.
You feel clever all of a sudden. The orc hits you with a +0 flail.
The orc hits you but does no damage.
The orc priest hits you but does no damage.
The orc completely misses you.
You feel very mighty all of a sudden. You block the orc's attack.
The orc hits you with a +0 flail.
* * * LOW HITPOINT WARNING * * *
The orc hits you with a +0 hand axe.
* * * LOW HITPOINT WARNING * * *
The orc priest invokes the aid of Beogh against you.
Beogh smites you!
* * * LOW HITPOINT WARNING * * *
You block the orc's attack.
Unknown command.
You completely miss the orc priest. You slice the orc!!
You kill the orc!
Okawaru accepts your kill.
You closely miss the orc. You slash the orc!
You kill the orc!
Okawaru accepts your kill.
You hit the orc.
You kill the orc!
Okawaru accepts your kill.
You slash the orc!
You kill the orc!
Okawaru accepts your kill. The orc priest completely misses you.
The orc hits you with a +0 hand axe.
You die...

#...#.#..# #.#
#...
#........###.#
+...
#...>........#
#...
#........#####
#...
#....###.....#
#... #....#
#........#...
#....#
#.#........##
#.)..###.#.#......
#.)@)..#.#.#$...
#.ooo......# .##
+...##.#.#. .
#...# .# .. .....
.# . ......
...<... .........


You could see an orc priest and 2 orcs.

Vanquished Creatures
  4 adders
  2 dart slugs
  5 orcs (D:3)
  4 ball pythons
  6 bats
  4 endoplasms
  3 giant cockroaches
  2 goblins
  10 hobgoblins
  5 quokkas
  5 frilled lizards
  5 kobolds
  3 rats
58 creatures vanquished.

Notes
Turn   | Place    | Note
-------+----------+-------------------------------------------
     0 | D:1      | Dorkslayer the Mountain Dwarf Fighter began the quest for
                  | the Orb.
     0 | D:1      | Reached XP level 1. HP: 19/19 MP: 1/1
   171 | D:1      | Reached XP level 2. HP: 26/26 MP: 2/2
   291 | D:1      | Reached XP level 3. HP: 33/33 MP: 3/3
   835 | D:2      | Reached XP level 4. HP: 39/40 MP: 4/4
   910 | D:2      | Found Foqih's Book Boutique.
   962 | D:2      | You fall into a shaft and drop 2 floors!
  1235 | D:2      | Reached skill level 1 in Evocations
  1578 | D:3      | Found an iron altar of Okawaru.
  1584 | D:3      | Became a worshipper of Warmaster Okawaru
  1605 | D:3      | Reached XP level 5. HP: 18/46 MP: 5/5
  1606 | D:3      | HP: 1/46 [orc priest/divine providence (9)]
  1607 | D:3      | Slain by an orc

Illustrated notes

Levels and vault maps discovered:
D:1:      matt_arrival_grand_opening, layout_loops_ring, nrook_mini_vaults,
          minmay_misc_feat_secret_circle, minmay_splitting_lines,
          minmay_misc_feat_diagonals
D:2:      layout_basic, serial_shops, shop, palyth_stone_intersect
D:3:      layout_basic, ashenzari_conservatory_becter,
          okawaru_metal_pillars_1_2, xom_redecorated
D:4:      layout_cave_pods, mainiacjoe_overflow_surrounded_room,
          mainiacjoe_overflow_alcove_4, lemuel_tele_altar,
          minmay_temple_entry_glassed_door, serial_shops, shop,
          mrwooster_statue_mirror

Skill      XL: |  1  2  3  4 |
---------------+-------------+-----
Armour         | 4 |  4.3
Axes           | 3 |  3.8
Fighting       | 4 |  4.0
Evocations     | 1 |  1.0
Dodging        | |  0.4
Shields        | |  3.7

Action                     |  1- 3 |  4- 6 || total
---------------------------+-------+-------++-------
  Melee: War axe           |    77 |    58 ||   135
    Use: Scroll            |     5 |       ||     5
         Potion            |       |     2 ||     2
 Armour: Chain mail        |    68 |    56 ||   124
  Dodge: Dodged            |    24 |    24 ||    48
  Block: Buckler           |    12 |    15 ||    27

Table legend: (Time is in decaauts)
 A = Elapsed time spent in this place.
 B = Non-inter-level travel time spent in this place.
 C = Inter-level travel time spent in this place.
 D = Time resting spent in this place.
 E = Time spent auto-exploring this place.
 F = Levels seen in this place.
 G = Mean time per level.
                   A        B        C        D        E       F      G
               +--------+--------+--------+--------+--------+-----+--------+
         Total |   1657 |   1657 |      0 |      0 |    729 |   4 |  414.2 |
       Dungeon |   1657 |   1657 |      0 |      0 |    729 |   4 |  414.2 |
               +--------+--------+--------+--------+--------+-----+--------+

Top non-repeatable levels by time:
     D:1: 803 daAuts
     D:2: 656 daAuts
     D:3: 151 daAuts
     D:4: 45 daAuts
